 Dungeon Crawl Stone Soup version 0.31-a0-816-gd61d57ddb1 (webtiles) character file.

Game seed: 5678885502807332701

3102 Maratek the Thaumaturge (level 9, 0/45 HPs)
             Began as a Deep Elf Fire Elementalist on Sept 22, 2023.
             Was a Believer of Qazlal.
             Shot with an arrow by a centaur warrior (13 damage)
             ... on level 8 of the Dungeon.
             The game lasted 00:22:56 (7782 turns).

Maratek the Thaumaturge (DEFE)                      Turns: 7782, Time: 00:22:56

Health: 0/45       AC:  7    Str:  5    XL:     9   Next: 59%
Magic:  0/26       EV: 13    Int: 25    God:    Qazlal [**....]
Gold:   320        SH:  3    Dex: 15    Spells: 17/30 levels left

rFire   . . .        p - staff of air
rCold   + . .        y - orb {mayhem}
rNeg    . . .        q - +1 robe of Macaroni {Rampage Stlth+}
rPois   .            s - +0 helmet
rElec   +            o - +0 cloak
rCorr   .            w - +1 pair of gloves
SInv    .            (no boots)
Will    .....        a - amulet of guardian spirit
Stlth   +++          k - ring of protection from cold
HPRegen 0.27/turn    h - ring of wizardry
MPRegen 0.20/turn

%: mayhem, guardian spirit, rampage, wizardry (x1)
@: marked
A: no striking features
a: Renounce Religion, Upheaval


You were on level 8 of the Dungeon.
You worshipped Qazlal.
Qazlal was pleased with you.
You visited 2 branches of the dungeon, and saw 9 of its levels.

You collected 320 gold pieces.

Inventory:

Armour
 o - a +0 cloak (worn)
 q - the +1 robe of Macaroni (worn) {Rampage Stlth+}
   (You found it on level 2 of the Dungeon)

   Rampage:   It bestows one free step when moving towards enemies.
   Stlth+:    It makes you more stealthy.
 s - a +0 helmet (worn)
 w - a +1 pair of gloves (worn)
 y - an orb of mayhem (worn)
Magical Staves
 g - a staff of cold
 p - a staff of air (weapon)
Jewellery
 a - an amulet of guardian spirit (around neck)
 h - a ring of wizardry (right hand)
 k - a ring of protection from cold (left hand)
Wands
 r - a wand of flame (3)
 u - a wand of paralysis (10)
 B - a wand of polymorph (5)
Scrolls
 d - 2 scrolls of revelation
 e - 2 scrolls of summoning
 i - 7 scrolls of teleportation
 j - 2 scrolls of silence
Potions
 f - 4 potions of brilliance
 m - 2 potions of attraction
 n - a potion of cancellation {unknown}
 t - 3 potions of haste {unknown}
 v - 3 potions of heal wounds
 x - a potion of ambrosia {unknown}
 z - a potion of mutation {unknown}
 A - a potion of resistance {unknown}
 C - a potion of might {unknown}


   Skills:
 - Level 0.3 Fighting
 + Level 3.5 Dodging
 + Level 3.9 Stealth
 + Level 11.1 Spellcasting
 + Level 7.2 Conjurations
 + Level 0.5 Summonings
 + Level 0.8 Necromancy
 + Level 8.6 Fire Magic
 + Level 1.5 Air Magic
 + Level 0.6 Poison Magic
 * Level 0.2 Evocations


You had 17 spell levels left.
You knew the following spells:

 Your Spells              Type           Power      Damage    Failure   Level
a - Foxfire               Conj/Fire      100%       2x1d9     1%          1
b - Cigotuvi's Dreadful   Necr/Pois/Air  56%        N/A       1%          2
c - Flame Wave            Conj/Fire      52%        2d13      1%          4
d - Summon Lightning Spi  Summ/Air       28%        N/A       12%         4
e - Scorch                Fire           100%       2d9       1%          2

Your spell library contained the following spells:

 Spells                   Type           Power      Damage    Failure   Level
 Shock                    Conj/Air       100%       1d9       1%          1
 Inner Flame              Hex/Fire       35%        N/A       1%          3
 Volatile Blastmotes      Fire/Tloc      70%        2d15      1%          3
 Ensorcelled Hibernation  Hex/Ice        26%        N/A       2%          2
 Jinxbite                 Hex            26%        N/A       2%          2
 Passwall                 Tmut/Erth      10%        N/A       2%          2
 Swiftness                Air            32%        N/A       2%          3
 Iskenderun's Mystic Bla  Conj/Tloc      32%        2d8       4%          4
 Tukima's Dance           Hex            13%        N/A       5%          3
 Airstrike                Air            16%        2d(3-19)  10%         4
 Dispel Undead            Necr           17%        3d10      12%         4
 Anguish                  Hex/Necr       7%         N/A       16%         4
 Animate Armour           Summ/Erth      30%        N/A       16%         4
 Dimensional Bullseye     Hex/Tloc       6%         N/A       17%         4
 Lee's Rapid Deconstruct  Erth           6%         3d6*      43%         5
 Death Channel            Necr           8%         N/A       86%         6


Dungeon Overview and Level Annotations

Branches:
Dungeon (8/15)             Temple (1/1) D:7
   Lair: D:8-11

Altars:
Ashenzari
Elyvilon
Fedhas
Gozag
Kikubaaqudgha
Nemelex Xobeh
Okawaru
Qazlal
Ru
Sif Muna
Uskayaw
Vehumet
Wu Jian
Xom
Yredelemnul
Zin
The Shining One

Shops:
D:6 [

Annotations:
D:3 3 runed translucent doors, Nixie's ghost, weakling TrGl; WhatIsLove's ghost, amateur HOMo; disskorpion's ghost, weakling OpFi; incide's ghost, amateur DsWn
D:6 3 runed translucent doors, Stil's ghost, novice DrSh
Temple 2 transporters


Message History

Found a flail.
A malevolent force fills the Dungeon...
With a horrendous wail, an alarm goes off!
A sentinel's mark forms upon you.
You hear two shouts!
You hear a shout!
You hear an angry buzzing noise. x5
You hear a shout!
You now have 320 gold pieces (gained 7).
Found a robe.
A centaur warrior comes into view.
The centaur warrior wields a +0 orcbow.
The centaur warrior shoots an arrow.
The arrow hits you!!
Found a club.
The centaur warrior shoots an arrow.
The arrow hits you!
You conjure some foxfire!
The centaur warrior shoots an arrow.
The arrow hits you!
The centaur warrior shoots an arrow.
The arrow hits you!
* * * LOW HITPOINT WARNING * * *
A two-headed ogre comes into view.
It is wielding a +0 giant club and a +0 giant spiked club.
You are too injured to fight recklessly!
The foxfire hits the centaur warrior.
The centaur warrior is lightly wounded.
The foxfire hits the centaur warrior!
The centaur warrior is lightly wounded.
You are too injured to fight recklessly!
You feel much better.
The centaur warrior shoots an arrow.
The arrow hits you!!
Ouch! That really hurt!
You feel better.
The centaur warrior shoots an arrow.
The arrow hits you!!
Ouch! That really hurt!
* * * LOW HITPOINT WARNING * * *
A wight comes into view. It is wielding a +0 dagger.
Read: scroll of fear
Press: ? - help, Q - select action, (/) - cycle Dir - look around, f - activate Look: a centaur warrior, wielding a +0 orcbow (lightly wounded, chance to affect: 90%)
As you read the scroll of fear, it crumbles to dust.
You assume a fearsome visage.
The centaur warrior easily resists.
The wight is unaffected.
The two-headed ogre looks frightened!
The centaur warrior shoots an arrow.
The arrow closely misses you.
The centaur warrior shoots an arrow.
The arrow barely misses you.
The centaur warrior shoots an arrow.
The arrow closely misses you.
The centaur warrior shoots an arrow.
The arrow closely misses you.
You feel better.
The centaur warrior shoots an arrow.
The arrow hits you!
You die...

#.##....#
#[z.....#
#c.....#
#).....#
#......#
#......#
#..○...#
#......#
#..@○..#
#.....)########
###.....)....<#
#...))))..).#
#....)))....#
#.....).....#
#..)).~≈~~~.#
#.....~≈≈≈~.#
#...)..~~~~.#


You could see a centaur warrior and a wight.

Vanquished Creatures
  Pikel (D:6)
  Prince Ribbit (D:5)
  Sigmund (D:6)
  2 sky beasts (D:7)
  An ice beast (D:7)
  A black bear (D:4)
  2 ogres
  2 phantoms (D:5)
  A centaur (D:5)
  4 lemures (D:6)
  2 kobold brigands
  2 scorpions
  3 wights (D:7)
  2 howler monkeys
  An orc priest (D:6)
  4 hounds
  3 iguanas
  2 sleepcaps
  2 orc wizards (D:6)
  7 gnolls
  3 adders
  An ufetubus (D:5)
  2 worms
  4 dart slugs
  15 orcs
  7 ball pythons
  2 bats (D:1)
  3 endoplasms (D:1)
  A giant cockroach (D:2)
  11 goblins
  5 hobgoblins
  3 jackals (D:1)
  2 frilled lizards
  13 kobolds
  3 rats (D:2)
119 creatures vanquished.

Vanquished Creatures (collateral kills)
  Jeremiah (D:7)
  A kobold brigand (D:8)
  A gnoll sergeant (D:8)
  A howler monkey (D:7)
  An orc priest (D:6)
  An orc wizard (D:6)
  3 gnolls (D:8)
  4 orcs (D:6)
  5 kobolds (D:8)
  3 foxfires
21 creatures vanquished.

Vanquished Creatures (others)
  750 foxfires
750 creatures vanquished.

Grand Total: 890 creatures vanquished

Notes
Turn   | Place    | Note
-------+----------+-------------------------------------------
     0 | D:1      | Maratek the Deep Elf Fire Elementalist began the quest for
                  | the Orb.
     0 | D:1      | Reached XP level 1. HP: 10/10 MP: 6/6
   187 | D:1      | Reached XP level 2. HP: 15/15 MP: 4/8
  1069 | D:2      | Found a faded altar of an unknown god.
  1090 | D:2      | Reached XP level 3. HP: 19/19 MP: 6/10
  1465 | D:2      | Identified the +1 robe of Macaroni {Rampage Stlth+}
  1625 | D:2      | Reached skill level 4 in Spellcasting
  1625 | D:2      | Reached XP level 4. HP: 24/24 MP: 3/12
  1809 | D:3      | Found an iron altar of Okawaru.
  1809 | D:3      | Found a broken altar of Ashenzari.
  1812 | D:3      | Found a stormy altar of Qazlal.
  2042 | D:3      | Became a worshipper of Qazlal Stormbringer
  2335 | D:3      | Found an ancient bone altar of Kikubaaqudgha.
  2381 | D:3      | Found a runed translucent gate.
  2382 | D:3      | Found a runed translucent gate.
  2382 | D:3      | Found a runed translucent gate.
  2384 | D:3      | Noticed disskorpion's ghost (weakling OpFi)
  2384 | D:3      | Noticed incide's ghost (amateur DsWn)
  3048 | D:3      | Noticed WhatIsLove's ghost (amateur HOMo)
  3048 | D:3      | Noticed Nixie's ghost (weakling TrGl)
  3141 | D:4      | Reached XP level 5. HP: 28/28 MP: 0/13
  3152 | D:4      | Reached * piety under Qazlal
  3463 | D:4      | Learned a level 2 spell: Cigotuvi's Dreadful Rot
  3585 | D:4      | Noticed a black bear
  3590 | D:4      | Killed a black bear
  3591 | D:4      | Reached skill level 5 in Spellcasting
  3688 | D:4      | Noticed an ogre
  3696 | D:4      | Reached skill level 1 in Air Magic
  3696 | D:4      | Reached XP level 6. HP: 31/32 MP: 9/16
  3697 | D:4      | Reached skill level 5 in Fire Magic
  3818 | D:4      | Found a hide-covered altar of Uskayaw.
  4095 | D:5      | Entered Level 5 of the Dungeon
  4164 | D:5      | Reached skill level 6 in Spellcasting
  4265 | D:5      | Reached XP level 7. HP: 36/36 MP: 11/18
  4508 | D:5      | Reached skill level 7 in Spellcasting
  4563 | D:5      | Noticed Prince Ribbit
  4568 | D:5      | Killed Prince Ribbit
  4629 | D:5      | Reached skill level 8 in Spellcasting
  4629 | D:5      | Reached XP level 8. HP: 41/41 MP: 11/22
  5059 | D:6      | Noticed Sigmund
  5067 | D:6      | Killed Sigmund
  5068 | D:6      | Reached skill level 5 in Conjurations
  5227 | D:6      | Found a blossoming altar of Fedhas.
  5335 | D:6      | Learned a level 4 spell: Flame Wave
  5350 | D:6      | Found a runed translucent gate.
  5351 | D:6      | Found a runed translucent gate.
  5351 | D:6      | Noticed Stil's ghost (novice DrSh)
  5352 | D:6      | Found a runed translucent gate.
  5399 | D:6      | Noticed Pikel
  5425 | D:6      | Killed Pikel
  5426 | D:6      | Reached skill level 9 in Spellcasting
  5474 | D:6      | Learned a level 4 spell: Summon Lightning Spire
  5793 | D:6      | Reached ** piety under Qazlal
  6105 | D:6      | Found Tophuppy's Armour Boutique.
  6442 | D:7      | Reached XP level 9. HP: 45/45 MP: 19/24
  6506 | D:7      | Learned a level 2 spell: Scorch
  6539 | D:7      | Reached skill level 10 in Spellcasting
  6598 | D:7      | Noticed Jeremiah
  6611 | D:7      | Killed Jeremiah
  6871 | D:7      | Found a staircase to the Ecumenical Temple.
  6880 | Temple   | Found a transporter.
  6880 | Temple   | Found a transporter.
  6880 | Temple   | Found a transporter.
  6880 | Temple   | Found a transporter.
  6880 | Temple   | Entered the Ecumenical Temple
  7142 | D:7      | Reached skill level 11 in Spellcasting
  7288 | D:7      | Found a sparkling altar of Nemelex Xobeh.
  7507 | D:7      | Found a sacrificial altar of Ru.
  7773 | D:8      | Noticed a centaur warrior
  7775 | D:8      | Noticed a two-headed ogre
  7778 | D:8      | HP: 1/45 [centaur warrior/arrow (23)]
  7782 | D:8      | Shot with an arrow by a centaur warrior

Illustrated notes

Levels and vault maps discovered:
D:1:      erik_arrival_triangle_small, layout_rooms
D:2:      layout_rooms, hellmonk_ecumenical_altar_arch_garden,
          minmay_pentomino_p2
D:3:      layout_loops_corners, kiku_gazebo_garden_becter, minitemple,
          gammafunk_ghost_cemetery, minivault_4
D:4:      layout_cave_pools, nicolae_uskayaw_suspiria
D:5:      layout_cave_pools, grunt_decor_junction, uniq_prince_ribbit1
D:6:      layout_loops_cross, fedhas_altar_4, gammafunk_ghost_necromancy,
          serial_shops, shop, uniq_pikel, uniq_sigmund
D:7:      layout_rooms, overflow_temple_1_default, marbit_many_paths,
          minmay_temple_entry_junction, nicolae_eternal_life, uniq_jeremiah
D:8:      layout_basic, bloody_makhleb
Temple:   hellmonk_temple_divided_pantheon

Skill      XL: |  1  2  3  4  5  6  7  8  9 |
---------------+----------------------------+-----
Fire Magic     | 4 5 6 7 8 |  8.6
Conjurations   | 2 3 4 6 7 |  7.2
Spellcasting   | 4 5 6 8 9 11 | 11.1
Stealth        | 3 |  3.9
Air Magic      | 1 |  1.5
Dodging        | 3 |  3.5
Fighting       | |  0.3
Summonings     | |  0.5
Necromancy     | |  0.8
Poison Magic   | |  0.6
Evocations     | |  0.2

Action                     |  1- 3 |  4- 6 |  7- 9 || total
---------------------------+-------+-------+-------++-------
  Melee: Staff             |       |       |     5 ||     5
   Cast: Foxfire           |   107 |   139 |   218 ||   464
         Cigotuvi's Dreadf |       |     2 |     2 ||     4
         Flame Wave        |       |       |     4 ||     4
         Summon Lightning  |       |       |     7 ||     7
         Scorch            |       |       |    12 ||    12
  Evoke: Wand              |       |       |     2 ||     2
    Use: Scroll            |       |     8 |     7 ||    15
         Potion            |       |       |     6 ||     6
 Armour: Robe              |     2 |    15 |    60 ||    77
  Dodge: Dodged            |    10 |    10 |    28 ||    48
  Block: Other             |       |       |     3 ||     3

Table legend: (Time is in decaauts)
 A = Elapsed time spent in this place.
 B = Non-inter-level travel time spent in this place.
 C = Inter-level travel time spent in this place.
 D = Time resting spent in this place.
 E = Time spent auto-exploring this place.
 F = Levels seen in this place.
 G = Mean time per level.
                   A        B        C        D        E       F      G
               +--------+--------+--------+--------+--------+-----+--------+
         Total |   7786 |   7647 |    139 |    625 |   5654 |   9 |  865.1 |
       Dungeon |   7752 |   7613 |    139 |    625 |   5654 |   8 |  969.0 |
        Temple |     33 |     33 |      0 |      0 |      0 |   1 |   33.0 |
               +--------+--------+--------+--------+--------+-----+--------+

Top non-repeatable levels by time:
     D:3: 1325 daAuts
     D:6: 1291 daAuts
     D:7: 1248 daAuts
     D:4: 988 daAuts
     D:1: 981 daAuts
     D:5: 961 daAuts
     D:2: 799 daAuts
     D:8: 155 daAuts
  Temple: 33 daAuts
